 Dungeon Crawl Stone Soup version 0.29-a0-323-g050149af67 (webtiles) character file.

Game seed: 15606379226587180815

1 Hubjo the Chiller (level 1, 0/10 HPs)
             Began as a Deep Elf Ice Elementalist on Apr 11, 2022.
             Killed from afar by a dart slug (3 damage)
             ... with a slug dart
             ... on level 1 of the Dungeon.
             The game lasted 00:00:24 (56 turns).

Hubjo the Chiller (Deep Elf Ice Elementalist)         Turns: 56, Time: 00:00:24

Health: 0/10       AC:  2    Str:  5    XL:     1   Next: 16%
Magic:  6/6        EV: 12    Int: 19    God:
Gold:   10         SH:  0    Dex: 15    Spells: 5/6 levels left

rFire   . . .      SeeInvis .   (no weapon)
rCold   . . .      Faith    .   (no shield)
rNeg    . . .      Spirit   .   a - +0 robe
rPois   .          Reflect  .   (no helmet)
rElec   .          Harm     .   (no cloak)
rCorr   .          Rampage  .   (no gloves)
Will    .....                   (no boots)
Stlth   ++........              (no amulet)
HPRegen 0.03/turn               (no ring)
MPRegen 0.10/turn               (no ring)

@: no status effects
A: no striking features
a: no special abilities


You were on level 1 of the Dungeon.
You visited 1 branch of the dungeon, and saw 1 of its levels.

You collected 10 gold pieces.

Inventory:

Armour
 a - a +0 robe (worn)
Potions
 b - a potion of magic
 c - a potion of mutation {unknown}


   Skills:
 + Level 2.4 Dodging
 + Level 2.4 Stealth
 + Level 3.0 Spellcasting
 + Level 4.4 Ice Magic


You had 5 spell levels left.
You knew the following spells:

 Your Spells              Type           Power      Damage    Failure   Level
a - Freeze                Ice            76%        1d9       2%          1

Your spell library contained the following spells:

 Spells                   Type           Power      Damage    Failure   Level
 Frozen Ramparts          Ice            38%        1d5       8%          3
 Ozocubu's Armour         Ice            19%        N/A       8%          3
 Hailstorm                Conj/Ice       11%        3d5       52%         4


Dungeon Overview and Level Annotations

Branches:
Dungeon (1/15)

Altars:


Message History

A quokka is nearby!
A dart slug comes into view.
The helpless quokka fails to defend itself.
You hit the quokka but do no damage. The quokka misses you.
Casting: Freeze (safe; 2% risk of failure)
Confirm with . or Enter, or press ? or * to list all spells.
Aiming: Freeze (safe; 2% risk of failure)
Press: ? - help, Shift-Dir - straight line, f - quokka
Aim: a quokka You freeze the quokka.
The quokka is moderately wounded.
The quokka barely misses you.
Casting: Freeze (safe; 2% risk of failure)
Confirm with . or Enter, or press ? or * to list all spells.
Aiming: Freeze (safe; 2% risk of failure)
Press: ? - help, Shift-Dir - straight line, f/p - quokka
Aim: a quokka (moderately wounded)
You freeze the quokka.
The quokka is almost dead.
The quokka closely misses you. The quokka bites you.
Unknown command.
Casting: Freeze (safe; 2% risk of failure)
Confirm with . or Enter, or press ? or * to list all spells.
Aiming: Freeze (safe; 2% risk of failure)
Press: ? - help, Shift-Dir - straight line, f/p - quokka
Aim: a quokka (almost dead)
You freeze the quokka.
You kill the quokka!
The dart slug launches a dart at you. The slug dart hits you.
The dart slug launches a dart at you. The slug dart misses you.
The dart slug launches a dart at you. The slug dart hits you.
* * * LOW HITPOINT WARNING * * *
Found 5 poisoned darts.
Found a robe.
The dart slug launches a dart at you. The slug dart hits you.
You die...

. .. ... #### .... ..#
# .....##.## .#
[....(...# ..#
♣♣♣♣♣♣♣♣♣@.###...#
♣PP..PP..♣.#......
#.♣PP..P...♣......#
###.♣..PP...P♣.###....
...♣..P.<.PP♣.# ..
#..♣PP(..P..♣.#
#..♣P...PP..♣w# ..
#..♣...P..PP♣.###....
#.♣..PP..PP♣......#


You could see a dart slug.

Vanquished Creatures
  A quokka (D:1)
1 creature vanquished.

Notes
Turn   | Place    | Note
-------+----------+-------------------------------------------
     0 | D:1      | Hubjo the Deep Elf Ice Elementalist began the quest for the
                  | Orb.
     0 | D:1      | Reached XP level 1. HP: 10/10 MP: 6/6
    56 | D:1      | Killed from afar by a dart slug

Illustrated notes

Levels and vault maps discovered:
D:1:      scummos_arrival_checkerplants, layout_loops_cross,
          ebering_ecumenical_altar_sacrificial

Action                   || total
-------------------------++-------
Melee: Unarmed           ||     1
 Cast: Freeze            ||     3
 Stab: Sleeping          ||     1
Dodge: Dodged            ||     4

Table legend: (Time is in decaauts)
 A = Elapsed time spent in this place.
 B = Non-inter-level travel time spent in this place.
 C = Inter-level travel time spent in this place.
 D = Time resting spent in this place.
 E = Time spent auto-exploring this place.
 F = Levels seen in this place.
 G = Mean time per level.
                   A        B        C        D        E       F      G
               +--------+--------+--------+--------+--------+-----+--------+
         Total |     56 |     56 |      0 |      0 |     16 |   1 |   56.0 |
       Dungeon |     56 |     56 |      0 |      0 |     16 |   1 |   56.0 |
               +--------+--------+--------+--------+--------+-----+--------+

Top non-repeatable levels by time:
     D:1: 56 daAuts
